 Dungeon Crawl Stone Soup version 0.25-a0-474-ga8a2ee3166 (webtiles) character file.

Game seed: 17215190635482641571, levelgen mode: deterministic

1430 RedPan the Chiller (level 8, 0/85 HPs)
             Began as a Grey Draconian Ice Elementalist on Feb 7, 2020.
             Was a Follower of Sif Muna.
             Killed by vampiric draining
             ... invoked by a vampire
              (10 damage)
             ... on level 8 of the Dungeon.
             The game lasted 00:14:52 (5490 turns).

RedPan the Chiller (DrIE)                           Turns: 5490, Time: 00:14:52

Health: 0/85       AC: 14    Str: 16    XL:     8   Next: 44%
Magic:  21/25      EV: 12    Int: 17    God:    Sif Muna [*.....]
Gold:   276        SH:  0    Dex: 12    Spells: 3/18 levels left

rFire    . . .     SeeInvis .   v - +3 quarterstaff (chaos)
rCold    . . .     Gourm    .   (shield currently unavailable)
rNeg     . . .     Faith    .   (armour unavailable)
rPois    .         Spirit   .   (helmet restricted)
rElec    .         Reflect  .   w - +0 cloak
rCorr    .         Harm     .   h - +1 pair of gloves
MR       .....                  (no boots)
Stlth    ..........             (no amulet)
HPRegen  0.24/turn              k - ring of flight
MPRegen  0.19/turn              q - ring of magical power

@: berserking, very quick
A: walk through water, unfitting armour, unbreathing, cold-blooded, AC +11
a: Channel Magic, Renounce Religion, Evoke Flight


You were on level 8 of the Dungeon.
You worshipped Sif Muna.
Sif Muna was aware of your devotion.
You were hungry.

You visited 1 branch of the dungeon, and saw 8 of its levels.

You collected 276 gold pieces.

Inventory:

Hand Weapons
 o - a +2 short sword of protection
 v - a +3 quarterstaff of chaos (weapon)
Armour
 h - a +1 pair of gloves (worn)
 w - a +0 cloak (worn)
Jewellery
 k - a ring of flight (left hand)
 q - a ring of magical power (right hand)
Wands
 u - a wand of flame (16)
Scrolls
 a - 4 scrolls of remove curse
 i - a scroll of identify
 p - 3 scrolls of teleportation
 r - a scroll of enchant armour
 t - 2 scrolls of enchant weapon
Potions
 c - a potion of resistance
 d - 2 potions of brilliance
 e - a potion of berserk rage
 f - 2 potions of degeneration {unknown}
 g - 2 potions of mutation {unknown}
 j - 3 potions of curing
 l - a potion of haste {unknown}
 m - 2 potions of lignification
 n - 2 potions of might {unknown}
 s - a potion of flight {unknown}
Comestibles
 b - 13 rations


   Skills:
 - Level 2.0 Dodging
 - Level 2.0 Stealth
 + Level 5.6 Spellcasting
 - Level 2.1 Conjurations
 - Level 2.0 Charms
 + Level 4.9 Summonings
 + Level 7.1 Ice Magic


You had 3 spell levels left.
You knew the following spells:

 Your Spells              Type           Power        Failure   Level  Hunger
a - Freeze                Ice            ####         1%          1    None
b - Frozen Ramparts       Ice            ####..       2%          3    ##.....
c - Summon Ice Beast      Ice/Summ       ####....     11%         4    ####...
d - Ozocubu's Armour      Chrm/Ice       ###.....     6%          3    ##.....
e - Hailstorm             Conj/Ice       ###.....     21%         4    ####...

Your spell library contained the following spells:

 Spells                   Type           Power        Failure   Level  Hunger
 Summon Small Mammal      Summ           ###.         1%          1    None
 Animate Skeleton         Necr           N/A          14%         1    None
 Apportation              Tloc           #.....       14%         1    None
 Corona                   Hex            #......      14%         1    None


Dungeon Overview and Level Annotations

Branches:
Dungeon (9/15)               Lair (0/6) D:8
 Temple: D:4-7          Orc: D:9-12

Altars:
Ashenzari
Elyvilon
Hepliaklqana
Makhleb
Nemelex Xobeh
Sif Muna

Shops:
D:4 *


Innate Abilities, Weirdness & Mutations

You can walk through water.
Your dull iron-grey scales are very hard. (AC +11)
You cannot fit into any form of body armour.
You can survive without breathing.
You are cold-blooded and may be slowed by cold attacks.


Message History

The jackal misses you.
You barely miss the vampire.
The vampire is severely damaged.
The jackal bites you.
* * * LOW HITPOINT WARNING * * *
The vampire is infused with unholy energy.
* * * LOW HITPOINT WARNING * * *
The vampire draws life force from you and is healed!
You are too berserk!
You are too berserk!
You hit the vampire.
The vampire suddenly seems more agile.
You tail-slap the vampire.
The vampire is severely damaged.
The jackal barely misses you.
The vampire falters for a moment.
Unknown command.
You hit the vampire.
The vampire's magic leaks into the air.
The vampire is almost destroyed.
The jackal bites you but does no damage.
The vampire is infused with unholy energy.
You die...

###.....#.#......#
#.......#.#......#
#.#######.#......###.#
#.........#......†....
###########...)..###..
#.).........
#......####.
#.....h####.#.
+.....@Va.)...
#......####.##
########


You could see a vampire, a worker ant and a jackal.

Vanquished Creatures
  An ice beast (D:8)
  An ogre (D:5)
  2 phantoms (D:4)
  2 centaurs
  2 scorpions
  A water moccasin skeleton (D:8)
  A bullfrog zombie (D:5)
  A hound (D:5)
  3 orc wizards
  4 worker ants
  A hound skeleton (D:4)
  15 adders
  A shadow imp (D:5)
  An ooze (D:5)
  An adder zombie (D:6)
  3 worms
  3 dart slugs
  7 leopard geckos
  11 orcs
  4 giant cockroaches
  10 goblins
  4 hobgoblins
  12 jackals
  10 kobolds
  2 ball pythons (D:3)
  5 bats
  5 frilled lizards
  A quokka skeleton (D:4)
  6 rats
120 creatures vanquished.

Vanquished Creatures (collateral kills)
  Menkaure (D:5)
  An orc warrior (D:6)
  2 scorpions
  A centaur zombie (D:5)
  A jelly (D:5)
  Crazy Yiuf (D:5)
  An orc wizard (D:8)
  A bullfrog skeleton (D:5)
  A howler monkey zombie (D:5)
  A jackal (D:6)
  A leopard gecko zombie (D:5)
  A quokka skeleton (D:5)
  A quokka zombie (D:5)
14 creatures vanquished.

Grand Total: 134 creatures vanquished

Notes
Turn   | Place    | Note
-------+----------+-------------------------------------------
     0 | D:1      | RedPan the Draconian Ice Elementalist began the quest for
                  | the Orb.
     0 | D:1      | Reached XP level 1. HP: 14/14 MP: 3/3
   229 | D:1      | Reached XP level 2. HP: 17/20 MP: 0/5
   975 | D:2      | Reached XP level 3. HP: 24/26 MP: 4/7
   980 | D:2      | Learned a level 3 spell: Frozen Ramparts
  1375 | D:2      | Reached XP level 4. HP: 32/33 MP: 3/8
  1572 | D:3      | Learned a level 4 spell: Summon Ice Beast
  1604 | D:3      | Found a white marble altar of Elyvilon.
  2125 | D:3      | Reached skill level 1 in Summonings
  2177 | D:3      | Reached skill level 5 in Ice Magic
  2245 | D:3      | Found a sparkling altar of Nemelex Xobeh.
  2245 | D:3      | Found a shattered altar of Ashenzari.
  2424 | D:3      | Reached XP level 5. HP: 38/38 MP: 3/10
  2566 | D:3      | Noticed a centaur
  2572 | D:3      | Killed a centaur
  2755 | D:3      | Found a hazy altar of Hepliaklqana.
  2942 | D:3      | Reached XP level 6. HP: 45/45 MP: 8/11
  3137 | D:4      | Found Soppasis's Superlative Supplies.
  3505 | D:4      | Reached skill level 6 in Ice Magic
  3505 | D:4      | Your scales start taking on a dull iron-grey colour.
  3505 | D:4      | Reached XP level 7. HP: 34/50 MP: 2/13
  3505 | D:4      | Gained mutation: You can survive without breathing. [Grey
                  | Draconian growth]
  3907 | D:4      | Learned a level 3 spell: Ozocubu's Armour
  3912 | D:4      | Learned a level 4 spell: Hailstorm
  3933 | D:5      | Entered Level 5 of the Dungeon
  4243 | D:5      | Reached skill level 1 in Charms
  4255 | D:5      | Found a shimmering blue altar of Sif Muna.
  4273 | D:5      | Reached skill level 1 in Conjurations
  4390 | D:5      | Became a worshipper of Sif Muna the Loreminder
  4477 | D:5      | Noticed Menkaure
  4486 | D:5      | Killed Menkaure
  4486 | D:5      | Reached skill level 5 in Spellcasting
  4577 | D:5      | Reached XP level 8. HP: 44/57 MP: 15/15
  4652 | D:5      | Found a burning altar of Makhleb.
  4733 | D:5      | Found a runed translucent door.
  4734 | D:5      | Noticed Crazy Yiuf
  4740 | D:5      | Killed Crazy Yiuf
  5090 | D:6      | You fall into a shaft and drop 3 floors!
  5368 | D:8      | Found a staircase to the Lair.
  5382 | D:8      | Reached skill level 7 in Ice Magic
  5474 | D:8      | Reached * piety under Sif Muna
  5490 | D:8      | Killed from afar by a vampire

Levels and vault maps discovered:
D:1:      minmay_arrival_split_and_join, layout_basic, minmay_ruptured
D:2:      layout_rooms, hangedman_decor_peaks_small
D:3:      layout_basic, nicolae_overflow_hidden_temple, first_ration,
          elyvilon_altar_3
D:4:      layout_basic, nicolae_alphabet_shops
D:5:      layout_rooms, old_standard_altar, chequers_garden,
          roderic_roman_lattice, bloody_makhleb, uniq_crazy_yiuf_cottage,
          uniq_menkaure
D:6:      layout_loops_cross, yredelemnul_forgotten_temple_becter,
          kennysheep_little_box, kennysheep_mini, temple_green
D:8:      layout_basic, dpeg_oklobed_lair
D:9:      layout_rooms, hangedman_pestilent_swarm

Skill      XL: |  1  2  3  4  5  6  7  8 |
---------------+-------------------------+-----
Stealth        | 2 |  2.0
Dodging        | 2 |  2.0
Spellcasting   | 3 4 5 |  5.6
Summonings     | 1 2 3 4 |  4.9
Ice Magic      | 5 6 7 |  7.1
Charms         | 1 2 |  2.0
Conjurations   | 1 2 |  2.1

Action                   |  1- 3 |  4- 6 |  7- 9 || total
-------------------------+-------+-------+-------++-------
Melee: Short sword       |    10 |    64 |    47 ||   121
       Unarmed           |     2 |       |       ||     2
       Whip              |    20 |    15 |       ||    35
       Tailslap          |       |     7 |     9 ||    16
       Quarterstaff      |       |       |    60 ||    60
 Cast: Freeze            |    39 |    55 |    42 ||   136
       Frozen Ramparts   |       |     8 |     8 ||    16
       Summon Ice Beast  |       |     1 |    12 ||    13
       Ozocubu's Armour  |       |       |     1 ||     1
  Use: Scroll            |     4 |     8 |     2 ||    14
       Potion            |       |       |     2 ||     2
 Stab: Sleeping          |     1 |     4 |     1 ||     6
  Eat: Chunk             |     2 |     7 |     9 ||    18
Armor: Skin              |    16 |    43 |   103 ||   162
Dodge: Dodged            |    37 |    73 |   103 ||   213

Table legend:
 A = Non-vault XP
 B = Vault XP
 C = Vault XP percentage of total XP
 D = Non-vault monster count
 E = Vault monster count
 F = Vault count percentage of total count
                 A         B        C        D         E       F
            +---------+---------+-------+---------+---------+-------
      Total |    1899 |     144 |   7.0 |     130 |       4 |   3.0
            +---------+---------+-------+---------+---------+-------
        D:1 |      18 |       4 |  18.2 |       8 |       2 |  20.0
        D:2 |      77 |       0 |   0.0 |      20 |       0 |   0.0
        D:3 |     291 |       0 |   0.0 |      36 |       0 |   0.0
        D:4 |     540 |       0 |   0.0 |      25 |       0 |   0.0
        D:5 |     497 |     140 |  22.0 |      18 |       2 |  10.0
        D:6 |     165 |       0 |   0.0 |      14 |       0 |   0.0
        D:8 |     308 |       0 |   0.0 |       8 |       0 |   0.0
        D:9 |       3 |       0 |   0.0 |       1 |       0 |   0.0
            +---------+---------+-------+---------+---------+-------
